 Dungeon Crawl Stone Soup version 0.25-a0-803-g58bd18402a (webtiles) character file.

Game seed: 2191261070812616987, levelgen mode: deterministic

117 Maedhros the Charlatan (level 5, -1/33 HPs)
             Began as an Octopode Artificer on Apr 19, 2020.
             Slain by an iguana (3 damage)
             ... on level 4 of the Dungeon.
             The game lasted 00:01:56 (787 turns).

Maedhros the Charlatan (Octopode Artificer)          Turns: 787, Time: 00:01:56

Health: -1/33      AC:  1    Str: 11      XL:     5   Next: 1%
Magic:  8/8        EV: 13    Int: 12 (13) God:
Gold:   41         SH:  0    Dex: 14      Spells: 4/4 levels left

rFire    . . .     SeeInvis .   a - +0 short sword
rCold    . . .     Gourm    .   (no shield)
rNeg     . . .     Faith    .   (helmet restricted)
rPois    .         Spirit   .   (no amulet)
rElec    .         Reflect  .   (no ring)
rCorr    .         Harm     .   (no ring)
MR       .....                  (no ring)
Stlth    +++.......             (no ring)
HPRegen  0.11/turn              (no ring)
MPRegen  0.11/turn              (no ring)
                                (no ring)
                                (no ring)

@: no status effects
A: almost no armour, stealthy swim, amphibious, 8 rings, constrict 8, camouflage
1, gelatinous body 1
a: no special abilities


You were on level 4 of the Dungeon.
You were not hungry.

You visited 1 branch of the dungeon, and saw 4 of its levels.

You collected 41 gold pieces.

Inventory:

Hand Weapons
 a - a +0 short sword (weapon)
Wands
 b - a wand of flame (11)
 c - a wand of enslavement (12)
 d - a wand of random effects (13)
Scrolls
 e - a scroll of magic mapping {unknown}
 g - 3 scrolls of identify {unknown}
 i - a scroll of enchant weapon {unknown}
 j - a scroll of teleportation {unknown}
Potions
 h - a potion of brilliance {unknown}
 k - a potion of flight {unknown}
 l - a potion of magic {unknown}
Comestibles
 f - 2 rations


   Skills:
 - Level 1.0 Fighting
 - Level 1.0 Short Blades
 - Level 2.0 Dodging
 + Level 3.4 Stealth
 * Level 3.0 Unarmed Combat
 + Level 4.1 Evocations


You had 4 spell levels left.
You didn't know any spells.
Your spell library was empty.

Dungeon Overview and Level Annotations

Branches:
Dungeon (4/15)
 Temple: D:4-7

Altars:
Ashenzari
Sif Muna
Vehumet
Zin


Innate Abilities, Weirdness & Mutations

You cannot wear most types of armour.
You are very stealthy in the water. (Stealth+)
You are amphibious.
You can wear up to eight rings at the same time.
You can use your tentacles to constrict eight enemies at once.
Your skin changes colour to match your surroundings (Stealth+).
Your rubbery body absorbs attacks. (AC +1, EV +1)


Message History

The puff of flame hits the iguana.
The iguana is heavily wounded.
You constrict the iguana, but do no damage.
The iguana bites you!
* * * LOW HITPOINT WARNING * * *
Evoke which item? (* to show all) (? for menu, Esc to quit)
Aiming: Throw Flame
Press: ? - help, Shift-Dir - straight line, f/p - iguana
Aim: an iguana (heavily wounded, constricted by you)
The puff of flame hits the iguana.
The iguana is heavily wounded.
You constrict the iguana. The iguana misses you.
Evoke which item? (* to show all) (? for menu, Esc to quit)
Aiming: Throw Flame
Press: ? - help, Shift-Dir - straight line, f/p - iguana
Aim: an iguana (heavily wounded, constricted by you)
The puff of flame hits the iguana.
The iguana is almost dead.
You constrict the iguana. The iguana bites you.
You die...

#.###..#≈≈...## #+#
#..'...._8#
##.#≈≈...##
#.##≈≈.§# #..##≈≈_#
......#..###8#
......+...####
......###...####..#
.....# #...@....#
....# #.###l$###
.... #.. ..# ###
#.# .# .# #


You could see an iguana.

Vanquished Creatures
  An orc priest (D:4)
  4 adders
  2 worms
  A leopard gecko (D:1)
  3 orcs (D:4)
  3 bats
  6 goblins
  3 hobgoblins
  3 jackals (D:2)
  5 kobolds
  4 frilled lizards
  4 rats
39 creatures vanquished.

Vanquished Creatures (collateral kills)
  A giant cockroach (D:2)
  2 goblins (D:2)
  A jackal (D:2)
  A bat (D:2)
5 creatures vanquished.

Vanquished Creatures (others)
  An adder (D:2)
1 creature vanquished.

Grand Total: 45 creatures vanquished

Notes
Turn   | Place    | Note
-------+----------+-------------------------------------------
     0 | D:1      | Maedhros the Octopode Artificer began the quest for the
                  | Orb.
     0 | D:1      | Reached XP level 1. HP: 13/13 MP: 3/3
    32 | D:1      | Reached skill level 1 in Unarmed Combat
    32 | D:1      | Reached XP level 2. HP: 10/18 MP: 4/4
   225 | D:2      | Reached XP level 3. HP: 14/23 MP: 5/5
   344 | D:2      | Reached XP level 4. HP: 14/28 MP: 6/6
   500 | D:2      | Found a shimmering blue altar of Sif Muna.
   604 | D:3      | Reached skill level 4 in Evocations
   644 | D:4      | Found a glowing silver altar of Zin.
   644 | D:4      | Found a radiant altar of Vehumet.
   645 | D:4      | Found a shattered altar of Ashenzari.
   666 | D:4      | Reached XP level 5. HP: 14/33 MP: 8/8
   787 | D:4      | Slain by an iguana

Levels and vault maps discovered:
D:1:      minmay_arrival_shattered_statue, layout_rooms
D:2:      layout_basic, lemuel_doored_altar, uniq_crazy_yiuf_cottage
D:3:      layout_basic, nicolae_overflow_crystal_walls, minmay_distorted,
          uniq_natasha
D:4:      layout_loops_corners, kennysheep_mini_moat, bloody_trog,
          gammafunk_temple_overflow_claw, first_ration, minmay_quantized

Skill      XL: |  1  2  3  4 |
---------------+-------------+-----
Unarmed Combat | 1 2 3 |  3.0
Stealth        | 2 3 |  3.4
Evocations     | 4 |  4.1
Fighting       | |  1.0
Short Blades   | |  1.0
Dodging        | |  2.0

Action                   |  1- 3 |  4- 6 || total
-------------------------+-------+-------++-------
Melee: Short sword       |    67 |    24 ||    91
       Constrict         |    19 |     8 ||    27
       Tentacles         |     9 |     7 ||    16
       Punch             |     1 |       ||     1
Evoke: Wand              |     6 |     3 ||     9
  Use: Potion            |     3 |       ||     3
       Scroll            |     1 |       ||     1
 Stab: Sleeping          |     4 |     3 ||     7
Armor: Skin              |    10 |     2 ||    12
Dodge: Dodged            |    45 |    11 ||    56

Table legend:
 A = Non-vault XP
 B = Vault XP
 C = Vault XP percentage of total XP
 D = Non-vault monster count
 E = Vault monster count
 F = Vault count percentage of total count
                 A         B        C        D         E       F
            +---------+---------+-------+---------+---------+-------
      Total |     168 |       0 |   0.0 |      45 |       0 |   0.0
            +---------+---------+-------+---------+---------+-------
        D:1 |      18 |       0 |   0.0 |      11 |       0 |   0.0
        D:2 |      79 |       0 |   0.0 |      27 |       0 |   0.0
        D:3 |      19 |       0 |   0.0 |       3 |       0 |   0.0
        D:4 |      52 |       0 |   0.0 |       4 |       0 |   0.0
            +---------+---------+-------+---------+---------+-------
